Selects Airborne Battlegroup
Selects Heavy Machine Gun Paradrop
Heavy Machine Gun Paradrop
Selects Paratrooper Squad Paradrop
Paratrooper Squad Paradrop
Construct Weapon Support Center
Heavy Machine Gun Paradrop
Improved M9 Bazooka Rockets
Construct Medical Station
Selects Anti-tank Gun Team Paradrop
M3 Armored Personnel Carrier
M3 Armored Personnel Carrier
Selects Carpet Bombing Run
Paratrooper Squad Paradrop
M4(105) Sherman Bulldozer